Unix NetHack Version 5.0.0-0 post-release - last build Jun 10 2026 00:39:30 (3ee93aec679c4c4259841fe613dc97188e26a321,branch:main).

Game began 2026-06-23 16:10:40, ended 2026-06-23 18:18:19.

GdeVolpiano, neutral female human Archeologist

                                                         ---------
                                                         |.......+
                                                       ##-....>..|
                              -------------             #|.......|
                              |...........|             #|.......|
                              |...........|             #|.......|
                              |...........|             #---------
                              |...........|             ###
                              |............###            ##
                             #............|  ###         ####
                             #-------------    ##          #
                            ##                  #          #
                         ####                   #          #
                 --.---- #                      ##         #
                 |..$$.| #                       q'---.----#
                 |.....|##                        @|......|#
                 |$....[#                         #.....<.-#
                 -----.-                           --------

GdeVolpiano the Investigator  St:15 Dx:15 Co:12 In:15 Wi:10 Ch:12  Neutral
Dlvl:7  $:0  HP:0(45) Pw:31(31) AC:1  Xp:7 T:4147  Burdened

Latest messages:
 You are now more skilled in whip.
 You feel you could be more dangerous!
 #
 You are now most skilled in whip.
 e - a +0 pick-axe (weapon in right hand).
 a - a +2 bullwhip (alternate weapon; not wielded).
 You have a little trouble lifting z - a mummy wrapping.
 What do you want to use or apply? [aegjwB or ?*]
 You put a mummy wrapping into the bag called holding.
 Where do you want to travel to?
 (For instructions type a '?')
 You fall down the stairs.
 Where do you want to travel to?
 (For instructions type a '?')
 You fall down the stairs.
 The giant ant bites!
 The giant ant bites!
 You hit the giant ant.
 The giant ant bites!
 The giant ant bites!
 You hit the giant ant!
 You knock the giant ant backward with a powerful strike!
 You hit the giant ant.
 The giant ant bites!
 You hit the giant ant.
 The giant ant bites!
 You miss the giant ant.
 The giant ant just misses!
 You hit the giant ant.
 The giant ant turns to flee.
 You kill the giant ant!
 You see here a giant ant corpse.
 The rope golem hits!
 The rope golem misses!
 You hit the rope golem.
 The rope golem misses!
 The rope golem hits!
 You hit the rope golem.
 You hit the rope golem.
 The rope golem misses!
 The rope golem hits!
 You hit the rope golem.
 You hit the rope golem.
 You hit the rope golem.
 The rope golem hits!
 The rope golem hits again!
 The rope golem grabs you!
 You die...
 Do you want your possessions identified? [ynq] (y)
 Do you want to see your attributes? [ynq] (y)

Inventory:
 Amulets  ('"')
  m - an uncursed amulet of ESP
 Weapons  (')')
  a - a +2 bullwhip (alternate weapon; not wielded)
 Armor    ('[')
  c - an uncursed +0 fedora (being worn)
  t - an uncursed +0 pair of speed boots (being worn)
  q - an uncursed +0 robe (being worn)
  v - an uncursed +0 banded mail (being worn)
 Rings    ('=')
  u - an uncursed ring of stealth (on right hand)
 Wands    ('/')
  w - a wand of teleportation (0:0)
 Tools    ('(')
  B - an uncursed bag of holding containing 9 items
  j - an uncursed magic lamp
  e - a +0 pick-axe (weapon in right hand)
 Gems/Stones  ('*')
  g - an uncursed touchstone

Contents of the bag of holding:
  3700 gold pieces
  an uncursed +0 mummy wrapping
  6 uncursed food rations
  2 uncursed lichen corpses
  a magic marker (0:21)
  a tinning kit (0:49)
  2 uncursed amethyst stones
  an uncursed garnet stone
  an uncursed jet stone

GdeVolpiano the Archeologist's attributes:

Background:
 You were an Investigator, a level 7 female human Archeologist.
 You were neutral, on a mission for Camaxtli
 who was opposed by Quetzalcoatl (lawful) and Huhetotl (chaotic).
 You were right-handed.
 You were in the Dungeons of Doom, on level 7.
 You entered the dungeon 4147 turns ago.
 You had 676 experience points, 604 more were needed to attain level 8.

Basics:
 You had 0 out of 45 hit points.
 You had all 31 energy points (spell power).
 Your armor class was 1.
 Your wallet was empty, but
 you had 3700 zorkmids stashed away in your pack.
 Autopickup was on for '$?!/="+' plus thrown, with exceptions.

Final Characteristics:
 Your strength was 15 (limit:18/100).
 Your dexterity was 15 (limit:18).
 Your constitution was 12 (limit:18).
 Your intelligence was 15 (limit:18).
 Your wisdom was 10 (limit:18).
 Your charisma was 12 (limit:18).

Final Status:
 You were held by a rope golem (north).
 You weren't hungry.
 You were burdened; movement was slightly slowed.
 You were wielding a pick-axe.
 You had basic skill with pick-axe.

Final Attributes:
 You were piously aligned.
 You had automatic searching.
 You were stealthy.
 You were guarded.
 Your spell casting was impaired by metallic armor, mitigated by your robe.
 You were very fast.
 You were lucky.
 You are dead.

Miscellaneous:
 You didn't encounter any bones levels.
 Total elapsed playing time was 1 hour, 15 minutes and 9 seconds.

Major events:
 Turn
    1: GdeVolpiano the neutral female human Archeologist entered the dungeon
 1157: attained the rank of Field Worker (level 3)
 1266: entered the Gnomish Mines
 2138: reached Mine Town
 2670: attained the rank of Investigator (level 6)
 4147: killed by a rope golem

Spells:
 Name                 Level Category     Fail Retention
 create monster         2   clerical      91%  76%-100%
 sleep                  3   enchantment  100%  76%-100%

Skills:
 Fighting Skills
   bare handed combat [Unskilled]
   two weapon combat  [Unskilled]
   riding             [Unskilled]
 Weapon Skills
   dagger             [Unskilled]
   knife              [Unskilled]
   pick-axe           [Basic]
   short sword        [Unskilled]
   saber              [Unskilled]
   club               [Unskilled]
   quarterstaff       [Unskilled]
   sling              [Unskilled]
   dart               [Unskilled]
   boomerang          [Unskilled]
   whip               [Expert]
   unicorn horn       [Unskilled]
 Spellcasting Skills
   attack spells      [Unskilled]
   healing spells     [Unskilled]
   divination spells  [Unskilled]
   matter spells      [Unskilled]

Voluntary challenges:
 Character rerolling was not enabled.
 You never genocided any monsters.
 You never polymorphed an object.
 You never changed form.
 You used no wishes.
Achievements:
 You attained the rank of Field Worker.
 You entered the Gnomish Mines.
 You entered Minetown.
 You attained the rank of Investigator.

 The Dungeons of Doom: levels 1 to 8
    Level 1:
       A grave.
    Level 2:
    Level 3:
       Stairs down to The Gnomish Mines.
    Level 4:
       A fountain.
    Level 5:
       A fountain.
    Level 6:
       Many fountains.
    Level 7: <- You were here.
       Final resting place for
          you, killed by a rope golem.
    Level 8:
 The Gnomish Mines: levels 4 to 6
    Level 4:
    Level 5:
    Level 6:


Vanquished creatures:
  a baby long worm
  a dust vortex
  a gnome mummy
  a Woodland-elf
  a water nymph
  a rock piercer
  a rock mole
  a fog cloud
  4 gnome leaders
  4 giant ants
  a kitten
  6 dwarves
  2 homunculi
  4 hill orcs
  a centipede
  a giant bat
  2 dwarf zombies
  a werejackal
  2 iguanas
  a coyote
  3 hobbits
  5 manes
  2 large kobolds
  a hobgoblin
  4 giant rats
  a brown mold
  a red mold
 17 gnomes
  5 garter snakes
  a gnome zombie
  a gecko
  3 jackals
  a fox
  a kobold
  2 goblins
  2 sewer rats
  8 grid bugs
  a bat
  5 lichens
 10 newts
111 creatures vanquished.

No species were genocided or became extinct.

Game over:
                       ----------
                      /          \
                     /    REST    \
                    /      IN      \
                   /     PEACE      \
                  /                  \
                  |   GdeVolpiano    |
                  |     3700 Au      |
                  | killed by a rope |
                  |      golem       |
                  |                  |
                  |                  |
                  |       2026       |
                 *|     *  *  *      | *
        _________)/\\_//(\/(/\)/\//\/|_)_______

Goodbye GdeVolpiano the Archeologist...

You died in The Dungeons of Doom on dungeon level 7 with 6414 points,
and 3700 pieces of gold, after 4147 moves.
You were level 7 with a maximum of 45 hit points when you died.

